 Dungeon Crawl Stone Soup version 0.22.1-2-g9c5b331383 (webtiles) character file.

156 Peloso the Shield-Bearer (level 5, 0/46 HPs)
             Began as a Minotaur Fighter on Nov 24, 2018.
             Slain by a hobgoblin (2 damage)
             ... led by Robin
             ... on level 4 of the Dungeon.
             The game lasted 00:02:41 (2218 turns).

Peloso the Shield-Bearer (Minotaur Fighter)         Turns: 2218, Time: 00:02:42

Health: 0/46       AC:  9    Str: 25    XL:     5   Next: 15%
Magic:  4/4        EV:  6    Int:  5    God:
Gold:   119        SH: 10    Dex: 11    Spells: 4/4 levels left

rFire    . . .     SeeInvis .   a - +0 long sword
rCold    . . .     Gourm    .   c - +0 shield
rNeg     . . .     Faith    .   o - +0 chain mail
rPois    .         Spirit   .   (helmet restricted)
rElec    .         Reflect  .   (no cloak)
rCorr    .         Harm     .   (no gloves)
MR       .....                  (no boots)
Stlth    ..........             (no amulet)
HPRegen  0.15/turn              (no ring)
MPRegen  0.09/turn              (no ring)

@: mighty
A: retaliatory headbutt, horns 2
a: no special abilities


You were on level 4 of the Dungeon.
You were not hungry.

You visited 1 branch of the dungeon, and saw 4 of its levels.

You collected 119 gold pieces.

Inventory:

Hand Weapons
 a - a +0 long sword (weapon)
Armour
 b - a +0 scale mail
 c - a +0 shield (worn)
 o - a +0 chain mail (worn)
Jewellery
 q - an uncursed ring of fire {unknown}
Scrolls
 g - a scroll of teleportation {unknown}
 h - 3 scrolls of remove curse {unknown}
 i - a scroll of enchant armour {unknown}
 l - 4 scrolls of identify {unknown}
 m - a scroll of amnesia {unknown}
Potions
 e - 2 potions of cancellation {unknown}
 j - a potion of heal wounds {unknown}
 k - 2 potions of flight {unknown}
 n - a potion of invisibility {unknown}
 p - a potion of curing {unknown}
 r - 2 potions of magic {unknown}
 s - 2 potions of haste {unknown}
Comestibles
 f - 11 rations


   Skills:
 + Level 4.2 Fighting
 + Level 4.0 Long Blades
 + Level 4.7 Armour
 + Level 0.4 Dodging
 + Level 0.1 Stealth
 + Level 4.9 Shields


You had 4 spell levels left.
You didn't know any spells.
Your spell library was empty.

Dungeon Overview and Level Annotations

Branches:
Dungeon (4/15)
 Temple: D:4-7

Altars:
Ashenzari
Cheibriados
Nemelex Xobeh
Trog
Wu Jian


Innate Abilities, Weirdness & Mutations

You reflexively headbutt those who attack you in melee.
You have a pair of horns on your head.


Message History

You headbutt the goblin!!
You kill the goblin!
You slash the hobgoblin!
You kill the hobgoblin!
You block the goblin's attack.
Unknown command.
The goblin hits you but does no damage. The hobgoblin hits you.
* * * LOW HITPOINT WARNING * * *
There is an open door here.
You see here a dagger.
You slash the goblin!
You kill the goblin!
Your Long Blades skill increases to level 4!
Your chain mail prevents you from hitting the hobgoblin.
Your headbutt misses the hobgoblin. The hobgoblin hits you.
* * * LOW HITPOINT WARNING * * *
You block the hobgoblin's attack.
Your shield and chain mail prevent you from hitting the hobgoblin.
The hobgoblin hits you.
You die...

#+## #...##
##.....## #
##.....>.#
#.###g).......
#..@ggg.......
#.###g........
# ##.......#
##.....##
#...## #+##


You could see 2 hobgoblins and 3 goblins.

Vanquished Creatures
  An orc priest (D:4)
  Robin (D:4)
  3 adders
  An ooze (D:2)
  A dart slug (D:2)
  4 leopard geckos
  10 orcs
  A bat (D:1)
  2 giant cockroaches
  7 goblins
  11 hobgoblins
  4 jackals (D:4)
  4 kobolds
  A quokka (D:2)
  3 ball pythons
  5 frilled lizards
  7 rats
66 creatures vanquished.

Notes
Turn   | Place    | Note
-------+----------+-------------------------------------------
     0 | D:1      | Peloso the Minotaur Fighter began the quest for the Orb.
     0 | D:1      | Reached XP level 1. HP: 19/19 MP: 0/0
   217 | D:1      | Reached XP level 2. HP: 24/27 MP: 1/1
   756 | D:2      | Reached XP level 3. HP: 33/33 MP: 2/2
  1526 | D:3      | Found an ornate altar of the Wu Jian Council.
  1533 | D:3      | Reached XP level 4. HP: 40/40 MP: 3/3
  1960 | D:3      | Found a sparkling altar of Nemelex Xobeh.
  1963 | D:3      | Found a snail-covered altar of Cheibriados.
  1976 | D:3      | Found a bloodstained altar of Trog.
  1994 | D:3      | Found a shattered altar of Ashenzari.
  2188 | D:4      | Reached XP level 5. HP: 22/46 MP: 4/4
  2206 | D:4      | Noticed Robin
  2210 | D:4      | Killed Robin
  2217 | D:4      | HP: 2/46 [hobgoblin[Robin] (3)]
  2218 | D:4      | Slain by a hobgoblin

Skill      XL: |  1  2  3  4  5 |
---------------+----------------+-----
Armour         | 4 |  4.7
Shields        | 4 |  4.9
Fighting       | 4 |  4.2
Long Blades    | 3 4 |  4.0
Dodging        | |  0.4
Stealth        | |  0.1

Action                   |  1- 3 |  4- 6 || total
-------------------------+-------+-------++-------
Melee: Long sword        |   100 |    63 ||   163
       Headbutt          |     9 |     6 ||    15
  Use: Potion            |       |     1 ||     1
  Eat: Chunk             |     2 |     2 ||     4
Armor: Scale mail        |    26 |       ||    26
       Chain mail        |    10 |    37 ||    47
Dodge: Dodged            |    42 |    21 ||    63
Block: Shield            |    47 |    41 ||    88
       Rpst.: Long sword |    13 |     5 ||    18
